 Dungeon Crawl Stone Soup version 0.28.0-53-g5a82cb258f (webtiles) character file.

Game seed: 991609515630108346

80 enile the Ducker (level 4, -2/25 HPs)
             Began as a Deep Elf Air Elementalist on May 29, 2022.
             Was a Follower of Dithmenos.
             Killed by nerve-wracking pain
             ... invoked by Grinder
              (13 damage)
             ... on level 3 of the Dungeon.
             The game lasted 00:03:47 (3897 turns).

enile the Ducker (Deep Elf Air Elementalist)        Turns: 3897, Time: 00:03:48

Health: -2/25      AC:  4    Str:  5    XL:     4   Next: 18%
Magic:  8/10       EV: 13    Int: 22    God:    Dithmenos [*.....]
Gold:   58         SH:  0    Dex: 15    Spells: 3/9 levels left

rFire   . . .      SeeInvis .   f - +1 short sword (flame)
rCold   . . .      Faith    .   (no shield)
rNeg    . . .      Spirit   .   a - +0 robe
rPois   .          Reflect  .   l - +2 hat
rElec   .          Harm     .   (no cloak)
rCorr   .          Rampage  .   (no gloves)
Will    .....                   (no boots)
Stlth   +++.......              (no amulet)
HPRegen 0.08/turn               (no ring)
MPRegen 0.12/turn               (no ring)

@: sluggish, wreathed by umbra, very slow
A: no striking features
a: Renounce Religion


You were on level 3 of the Dungeon.
You worshipped Dithmenos.
Dithmenos was aware of your devotion.
You visited 1 branch of the dungeon, and saw 3 of its levels.

You collected 58 gold pieces.

Inventory:

Hand Weapons
 c - a +0 short sword
 f - a +1 short sword of flaming (weapon)
 h - a +2 antimagic dagger
Armour
 a - a +0 robe (worn)
 l - a +2 hat (worn)
Magical Staves
 g - a staff of cold
Scrolls
 b - a scroll of teleportation
 i - a scroll of immolation {unknown}
 m - a scroll of noise {unknown}
 o - 2 scrolls of identify {unknown}
 q - a scroll of vulnerability {unknown}
 r - a scroll of enchant armour {unknown}
Potions
 d - 2 potions of degeneration {unknown}
 e - a potion of might {unknown}
 j - 3 potions of haste {unknown}
 k - a potion of magic {unknown}
 n - a potion of invisibility {unknown}
 p - a potion of attraction {unknown}
 s - a potion of curing {unknown}


   Skills:
 - Level 1.0 Fighting
 - Level 4.0 Dodging
 - Level 4.0 Stealth
 - Level 3.0 Spellcasting
 - Level 1.1 Conjurations
 + Level 3.1 Air Magic


You had 3 spell levels left.
You knew the following spells:

 Your Spells              Type           Power      Damage    Failure   Level
a - Shock                 Conj/Air       48%        1d6       4%          1
b - Static Discharge      Conj/Air       12%        N/A       8%          2
c - Swiftness             Air            17%        N/A       10%         3

Your spell library contained the following spells:

 Spells                   Type           Power      Damage    Failure   Level
 Airstrike                Air            8%         N/A       32%         4


Dungeon Overview and Level Annotations

Branches:
Dungeon (3/15)

Altars:
Dithmenos
Kikubaaqudgha

Annotations:
D:3 Grinder


Message History

Casting: Shock (safe; 5% risk of failure)
Confirm with . or Enter, or press ? or * to list all spells.
Aiming: Shock (safe; 5% risk of failure)
Press: ? - help, Shift-Dir - straight line, f - hobgoblin
Aim: a hobgoblin (asleep, 100% to hit)
The zap hits the hobgoblin.
The hobgoblin is moderately wounded.
The hobgoblin shouts!
Casting: Shock (safe; 5% risk of failure)
Confirm with . or Enter, or press ? or * to list all spells.
Aiming: Shock (safe; 5% risk of failure)
Press: ? - help, Shift-Dir - straight line, f/p - hobgoblin
Aim: a hobgoblin (moderately wounded, 68% to hit)
The zap hits the hobgoblin.
The hobgoblin is heavily wounded.
Casting: Shock (safe; 5% risk of failure)
Confirm with . or Enter, or press ? or * to list all spells.
Aiming: Shock (safe; 5% risk of failure)
Press: ? - help, Shift-Dir - straight line, f/p - hobgoblin
Aim: a hobgoblin (heavily wounded, 68% to hit)
The zap hits the hobgoblin.
You kill the hobgoblin!
Dithmenos accepts your kill.
You open the door.
There is an open door here.
You see here 4 poisoned darts.
Grinder is nearby!
Casting: Shock (safe; 4% risk of failure)
Confirm with . or Enter, or press ? or * to list all spells.
You feel quick.
You start to feel a little slower.
You feel sluggish. Grinder gestures at you. Pain shoots through your body!
Grinder gestures at you. Pain shoots through your body!
Grinder gestures at you. Pain shoots through your body!
Ouch! That really hurt!
You die...

#.##.###..#.######
#.........#.# ####.####.#.# #.#
#.#.# #.####.#.# #....5...#
################.### ##########
..5........[# #.# #........#
..#.###..##.####@#####.######.#
..#.# #..............#.# #.#
..#.###..##.####.##....######)#
..#......##.###...#.#......##.#
..#..##..##.##><.......###.##.#
............###...####.##...#.#
#........#### ##.## #<#.###..#
####†##### #.# #..## ##.##
####.#### #.# #.## ##.#


You could see Grinder.

Vanquished Creatures
  2 adders (D:2)
  2 dart slugs (D:1)
  An orc (D:3)
  4 ball pythons
  5 endoplasms
  A giant cockroach (D:2)
  5 goblins
  7 hobgoblins
  2 jackals (D:1)
  2 quokkas (D:1)
  7 bats
  4 frilled lizards
  5 kobolds (D:1)
  6 rats
53 creatures vanquished.

Vanquished Creatures (others)
  13 plants (D:2)
13 creatures vanquished.

Grand Total: 66 creatures vanquished

Notes
Turn   | Place    | Note
-------+----------+-------------------------------------------
     0 | D:1      | enile the Deep Elf Air Elementalist began the quest for the
                  | Orb.
     0 | D:1      | Reached XP level 1. HP: 10/10 MP: 6/6
   195 | D:1      | Reached skill level 1 in Fighting
   276 | D:1      | Reached XP level 2. HP: 16/16 MP: 1/8
  1036 | D:1      | Reached XP level 3. HP: 11/20 MP: 9/9
  1249 | D:1      | Learned a level 2 spell: Static Discharge
  1422 | D:1      | Learned a level 3 spell: Swiftness
  2017 | D:2      | Found a faded altar of an unknown god.
  2034 | D:2      | Prayed at the altar of an unknown god.
  2034 | D:2      | Became a worshipper of Dithmenos the Shadowed
  2034 | D:2      | Reached * piety under Dithmenos
  2572 | D:2      | Reached XP level 4. HP: 25/25 MP: 8/10
  2777 | D:2      | Found an ancient bone altar of Kikubaaqudgha.
  2907 | D:3      | Noticed an orc warrior
  3222 | D:3      | Noticed Grinder
  3224 | D:3      | Paralysed by Grinder for 6 turns
  3897 | D:3      | Killed from afar by Grinder

Illustrated notes

Levels and vault maps discovered:
D:1:      dpeg_arrival_solitude, layout_loops_corners
D:2:      layout_basic, basic_altar, dilly_ecumenical_altar_fadedgnrine
D:3:      layout_loops_corners, serial_shops, shop, uniq_jessica, uniq_grinder

Skill      XL: |  1  2  3  4 |
---------------+-------------+-----
Fighting       | 1 |  1.0
Dodging        | 3 4 |  4.0
Stealth        | 3 4 |  4.0
Spellcasting   | |  3.0
Conjurations   | |  1.1
Air Magic      | |  3.1

Action                   |  1- 3 |  4- 6 || total
-------------------------+-------+-------++-------
Melee: Short sword       |    28 |     4 ||    32
 Cast: Shock             |    83 |    29 ||   112
       Static Discharge  |     2 |       ||     2
       Swiftness         |       |     2 ||     2
  Use: Scroll            |     1 |     2 ||     3
 Stab: Sleeping          |     3 |     1 ||     4
       Distracted        |     1 |       ||     1
Armor: Robe              |     7 |     2 ||     9
Dodge: Dodged            |    27 |     2 ||    29
